Map: Ulrena

Players

capac - Winner!

  • Race: Terran Terran
  • League: Gold

Aleksey

  • Race: Protoss Protoss
  • League: Gold

VOD

Have the link to the VOD?

Description

Time

  • Played on: April 27, 2016, 4:44 p.m.
  • Length: 9:05
Show
View Real Time Build Order
Export as new Build Order

capac Terran - Winner!

Build Orders:  

Get SALT Encoding   

  12  0:00  SCV  
  13  0:12  SCV  
  14  0:19  Supply Depot  
  14  0:25  SCV  
  15  0:41  SCV  
  15  0:42  Barracks  
  16  0:45  Refinery  
  16  0:55  SCV  
  17  1:07  SCV  
  18  1:19  SCV  
  19  1:31  SCV  
  19  1:32  Marine  
  21  1:48  Command Center  
  21  1:49  Orbital Command  
  21  1:53  Marine  
  22  2:00  Supply Depot  
  22  2:11  Factory  
  22  2:19  Barracks Reactor  
  23  2:22  SCV  
  23  2:30  Barracks  
  23  2:35  SCV  
  24  2:48  Barracks  
  24  2:55  SCV  
  24  2:56  Starport  
  25  3:03  Bunker  
  25  3:05  Orbital Command  
  25  3:11  Refinery  
  25  3:14  Marine  
  25  3:15  Marine  
  27  3:22  SCV  
  28  3:34  Marine x2  
  26  3:48  Marine  
  26  3:49  Marine  
  26  3:50  Medivac  
  26  3:51  Widow Mine  
  27  4:11  Marine x2  
  27  4:12  Marine  
  23  4:33  Orbital Command  
  24  4:39  Viking, Factory Tech Lab  
  24  4:41  Marine x4  
  28  5:03  SCV  
  28  5:06  Siege Tank  
  32  5:12  Barracks Tech Lab  
  32  5:13  Barracks Reactor  
  32  5:15  SCV x2  
  32  5:20  Bunker  
  34  5:34  Marine x2  
  34  5:35  Marine  
  37  5:38  SCV x2  
  37  5:40  Siege Tank  
  42  5:43  Starport Reactor  
  42  5:50  SCV  
  42  5:52  Supply Depot  
  43  5:57  Refinery  
  43  6:08  Marine x2  
  43  6:09  Marine  
  46  6:14  Marauder, Marine  
  49  6:22  Stimpack  
  49  6:23  SCV  
  50  6:26  Marine, SCV  
  52  6:43  Marauder  
  54  7:07  Marine x2  
  54  7:21  Marine x3, Siege Tank  
  60  7:25  Marine x2  
  58  7:40  Marine x3  
  61  7:49  Marine  
  62  8:00  Supply Depot  
  62  8:14  Marine, SCV  
  62  8:15  SCV  
  62  8:16  Marine  
  56  8:31  Marine x3  
Show
View Real Time Build Order
Export as new Build Order

Aleksey Protoss 

Build Orders:  

Get SALT Encoding   

  12  0:01  Probe (Chrono Boost)  
  13  0:11  Probe (Chrono Boost)  
  14  0:17  Pylon  
  14  0:22  Probe (Chrono Boost)  
  15  0:36  Probe (Chrono Boost)  
  15  0:39  Gateway  
  16  0:47  Probe (Chrono Boost)  
  17  0:56  Assimilator  
  18  1:04  Probe (Chrono Boost)  
  18  1:08  Pylon  
  18  1:11  Assimilator  
  18  1:15  Probe (Chrono Boost)  
  18  1:28  Zealot  
  18  1:31  Cybernetics Core  
  20  1:36  Probe (Chrono Boost)  
  21  1:40  Assimilator  
  21  1:46  Probe (Chrono Boost)  
  22  1:57  Probe (Chrono Boost)  
  22  1:59  Gateway  
  23  2:07  Probe (Chrono Boost)  
  24  2:08  Pylon  
  24  2:10  Warp Gate (Chrono Boost)  
  24  2:19  Probe  
  25  2:28  Adept (Chrono Boost)  
  27  2:31  Mothership Core  
  29  2:46  Stalker (Chrono Boost)  
  31  3:07  Gateway  
  31  3:11  Pylon  
  31  3:18  Probe  
  32  3:29  Nexus  
  30  4:21  Probe  
  31  4:27  Gateway  
  31  4:28  Adept  
  31  4:29  Gateway  
  33  4:33  Twilight Council, Probe  
  32  4:40  Probe  
  33  4:48  Probe  
  33  4:51  Probe  
  35  4:58  Adept x2  
  39  5:00  Probe  
  39  5:01  Probe  
  41  5:09  Pylon  
  41  5:10  Resonating Glaives (Chrono Boost), Pylon  
  41  5:12  Probe  
  41  5:13  Probe  
  43  5:18  Pylon  
  43  5:20  Pylon  
  43  5:22  Probe  
  43  5:23  Assimilator  
  43  5:25  Probe, Sentry x2  
  43  5:26  Assimilator  
  48  5:37  Probe  
  49  5:45  Robotics Facility  
  49  5:48  Probe  
  50  5:58  Probe  
  50  5:59  Adept x3  
  50  6:00  Adept x2  
  61  6:09  Probe  
  62  6:32  Observer  
  43  7:06  Probe  
  41  7:10  Observer  
  42  7:18  Probe x2  
  42  7:19  Robotics Bay  
  44  7:26  Adept x3  
  44  7:27  Adept x2  
  44  7:28  Probe  
  52  7:30  Probe  
  43  7:39  Probe, Adept x4  
  43  7:40  Adept  
  47  8:02  Adept x3  
  47  8:03  Adept x2  
  51  8:33  Stalker x2  
  51  8:34  Stalker x3  
Tags
 
League
GoldGold
Matchup
PvT
Add a new tag
Caveats
  • Supply blocks, unpowered buildings, or Contaminate may cause inaccurate times.
  • Supply counts are checked every 10 seconds.